 Dungeon Crawl Stone Soup version 0.29-a0-541-gaf1fc19f1b (webtiles) character file.

Game seed: 3229950923782452549

30697 Essalna the Geomancer (level 13, -4/84 HPs)
             Began as a Gargoyle Earth Elementalist on June 1, 2022.
             Was an Elder of Ashenzari.
             Slain by Snorg (17 damage)
             ... on level 2 of the Lair of Beasts on June 2, 2022.
             The game lasted 00:43:38 (23136 turns).

Essalna the Geomancer (GrEE)                       Turns: 23136, Time: 00:43:39

Health: -4/84      AC: 28    Str: 14    XL:     13   Next: 53%
Magic:  13/27      EV: 13    Int: 25    God:    Ashenzari [****..]
Gold:   860        SH:  0    Dex: 12    Spells: 26/32 levels left

rFire   + . .      SeeInvis +   w - +3 mace of the Cursed Yoke {venom, rC+ rN+++ Will- rCorr, Cun, Comp} (curse)
rCold   + + +      Faith    .   (no shield)
rNeg    + + +      Spirit   .   F - +2 scale mail of Ashenzari's Ordeal {Int+2, Range, Cun} (curse)
rPois   ∞          Reflect  .   (no helmet)
rElec   +          Harm     .   R - scarf of Star-Bound Wisdom {rC+ rF+, Elem, Fort} (curse)
rCorr   +          Rampage  .   x - +0 pair of gloves "Unveiling Omen" {Cun, Alch} (curse)
Will    .....      Clarity  +   m - +0 pair of boots "Tethered With Me" {Evo, Bglg} (curse)
Stlth   +.........              (no amulet)
HPRegen 0.24/turn               d - +4 ring of protection
MPRegen 0.20/turn               E - ring "Shattered Yoke" {rElec rC+ Int+4 Dex+2, Elem, Bglg} (curse)

@: no status effects
A: sickness immunity, AC +9, negative energy resistance 1, electricity
resistance, torment resistance 1, petrification resistance
a: Renounce Religion, Curse Item, Shatter the Chains


You were on level 2 of the Lair of Beasts.
You worshipped Ashenzari.
Ashenzari was greatly pleased with you.
You visited 3 branches of the dungeon, and saw 16 of its levels.
You also visited: Sewer.

You collected 860 gold pieces.

Inventory:

Hand Weapons
 e - a +0 dagger
 w - the cursed +3 mace of the Cursed Yoke (weapon) {venom, rC+ rN+++ Will- rCorr, Cun, Comp}
   (You found it on level 3 of the Dungeon)

   It poisons the flesh of those it strikes.
   rC:        It protects you from cold.
   rN:        It renders you almost immune to negative energy.
   rCorr:     It protects you from acid and corrosion.
   Will:      It decreases your willpower.
   It has a curse which improves the following skills: Cunning: Dodging and
   Stealth.
   Companions: Summonings and Necromancy.
Missiles
 a - 249 stones
 f - 9 atropa-tipped darts
Armour
 b - a +0 robe
 m - the cursed +0 pair of boots "Tethered With Me" (worn) {Evo, Bglg}
   (You found it on level 2 of the Dungeon)

   It has a curse which improves the following skills: Evocations: Evocations.
   Beguiling: Conjurations, Hexes and Translocations.
 x - the cursed +0 pair of gloves "Unveiling Omen" (worn) {Cun, Alch}
   (You found it on level 3 of the Dungeon)

   It has a curse which improves the following skills: Cunning: Dodging and
   Stealth.
   Alchemy:   Poison Magic and Transmutations.
 A - a +3 leather armour
 F - the cursed +2 scale mail of Ashenzari's Ordeal (worn) {Int+2, Range, Cun}
   (You found it on level 6 of the Dungeon)

   Int:       It affects your intelligence (+2).
   It has a curse which improves the following skills: Ranged Combat: Slings,
   Bows, Crossbows and Throwing.
   Cunning:   Dodging and Stealth.
 J - a +2 pair of gloves of hurling
 R - the cursed scarf of Star-Bound Wisdom (worn) {rC+ rF+, Elem, Fort}
   (You found it on level 12 of the Dungeon)

   It has a curse which improves the following skills: Elements: Fire Magic, Ice
   Magic, Air Magic and Earth Magic.
   Fortitude: Armour and Shields.
 S - a +0 troll leather armour
 T - a +2 cloak
Magical Staves
 O - a staff of fire
Jewellery
 d - a +4 ring of protection (left hand)
 h - the ring "Dibbosm" {rElec rPois rF- Str+6 SInv}
   (You found it on level 9 of the Dungeon)

   [ring of strength]

   Str:       It affects your strength (+6).
   rF:        It makes you vulnerable to fire.
   rElec:     It insulates you from electricity.
   rPois:     It protects you from poison.
   SInv:      It lets you see invisible.
 E - the cursed ring "Shattered Yoke" (right hand) {rElec rC+ Int+4 Dex+2, Elem, Bglg}
   (You found it on level 6 of the Dungeon)

   [ring of protection from cold]

   Int:       It affects your intelligence (+4).
   Dex:       It affects your dexterity (+2).
   rC:        It protects you from cold.
   rElec:     It insulates you from electricity.
   It has a curse which improves the following skills: Elements: Fire Magic, Ice
   Magic, Air Magic and Earth Magic.
   Beguiling: Conjurations, Hexes and Translocations.
 L - a +4 ring of protection
 W - a ring of fire
Wands
 D - a wand of digging (19)
 G - a wand of acid (14)
Scrolls
 c - 4 scrolls of enchant armour
 g - 2 scrolls of torment
 k - 16 scrolls of identify
 n - 5 scrolls of vulnerability
 p - 3 scrolls of immolation
 r - a scroll of poison
 u - 5 scrolls of enchant weapon
 y - 2 scrolls of noise
 H - a scroll of summoning
 I - 4 scrolls of fear
 M - 2 scrolls of magic mapping
 N - 3 scrolls of brand weapon
 P - 2 scrolls of amnesia
 Q - a scroll of fog
 U - 3 scrolls of silence
 V - 2 scrolls of teleportation
Potions
 i - 4 potions of resistance
 j - 2 potions of cancellation
 l - 2 potions of flight
 o - 5 potions of degeneration
 q - 4 potions of brilliance
 s - 3 potions of might
 t - 2 potions of mutation
 v - 3 potions of haste
 z - 2 potions of attraction
 B - 6 potions of curing
 C - a potion of heal wounds
 K - 3 potions of ambrosia


   Skills:
 + Level 11.2 Fighting
 + Level 10.5(12.4) Armour
 + Level 8.2(12.1) Dodging
 - Level 2.1(5.0) Stealth
 + Level 10.0 Spellcasting
 - Level 4.0(6.7) Conjurations
 - Level 0.7(1.7) Transmutations
 + Level 13.0(15.9) Earth Magic


You had 26 spell levels left.
You knew the following spells:

 Your Spells              Type           Power      Damage    Failure   Level
a - Sandblast             Erth           100%       2d20      1%          1
b - Passwall              Tmut/Erth      45%        N/A       1%          2
c - Stone Arrow           Conj/Erth      100%       3d13      1%          3

Your spell library contained the following spells:

 Spells                   Type           Power      Damage    Failure   Level
 Petrify                  Tmut/Erth      54%        N/A       3%          4
 Dazzling Flash           Conj/Hex       60%        N/A       11%         3
 Necrotize                Necr           52%        1d6       13%         1
 Slow                     Hex            56%        N/A       13%         1
 Confusing Touch          Hex            14%        N/A       36%         3
 Tukima's Dance           Hex            14%        N/A       36%         3
 Vampiric Draining        Necr           13%        2d6       36%         3
 Passage of Golubria      Tloc           14%        N/A       77%         4
 Summon Ice Beast         Ice/Summ       14%        N/A       78%         4
 Yara's Violent Unravell  Hex/Tmut       8%         3d5       95%         5
 Agony                    Necr           13%        N/A       98%         5
 Silence                  Hex/Air        7%         N/A       98%         5
 Summon Mana Viper        Hex/Summ       14%        N/A       98%         5
 Dispersal                Tloc           7%         N/A       100%        6
 Monstrous Menagerie      Summ           6%         N/A       100%        7
 Lehudib's Crystal Spear  Conj/Erth      31%        10d8      100%        8


Dungeon Overview and Level Annotations

Branches:
Dungeon (12/15)            Temple (1/1) D:5            Lair (3/6) D:11
    Orc (0/2) D:12          Sewer (visited)
  Swamp: Lair:2-4    Shoals: Lair:2-4     Snake: Lair:2-4    Spider: Lair:2-4

Altars:
Ashenzari
Cheibriados
Dithmenos
Elyvilon
Fedhas
Gozag
Hepliaklqana
Kikubaaqudgha
Makhleb
Nemelex Xobeh
Okawaru
Qazlal
Ru
Sif Muna
Trog
Uskayaw
Vehumet
Wu Jian
Xom
Yredelemnul
Zin
The Shining One

Shops:
D:9 :

Annotations:
Lair:2 Snorg


Innate Abilities, Weirdness & Mutations

You are immune to sickness and miasma.
Your stone body is resilient. (AC +9)
You are immune to poison.
You resist negative energy. (rN+)
You are resistant to electric shocks. (rElec)
You are resistant to unholy torment.
You are immune to petrification.


Message History

Snorg misses you.
The blink frog hits you but does no damage.
The blink frog barely misses you. The blink frog hits you.
The blink frog barely misses you.
There is a stone staircase leading up, spattered with blood here.
The blink frog blinks!
Snorg barely misses you.
Snorg claws you but does no damage. x2; The blink frog misses you.
The blink frog hits you but does no damage.
You climb upwards.
There is a stone staircase leading down here.
The blink frog attacks as you move away!
The blink frog closely misses you.
The blink frog blinks!
The blink frog attacks as you move away!
The blink frog hits you.
The blink frog hits you but does no damage.
The blink frog hits you.
You hit the blink frog.
The blink frog is poisoned.
The blink frog is lightly wounded.
The blink frog barely misses you.
The blink frog hits you but does no damage.
Snorg goes berserk!
The blink frog blinks!
The blink frog hits you but does no damage.
Snorg bites you! Snorg barely misses you. Snorg claws you.
You sock the blink frog!
The blink frog looks as sick as possible!
The blink frog is moderately wounded.
Snorg bites you! Snorg claws you but does no damage. Snorg barely misses you.
The blink frog hits you but does no damage.
Snorg bites you but does no damage. Snorg claws you! Snorg closely misses you.
The blink frog hits you but does no damage. x2
You hit the blink frog.
The blink frog looks as sick as possible!
The blink frog is severely wounded.
Snorg bites you! Snorg claws you. Snorg barely misses you.
The blink frog blinks!
The blink frog hits you but does no damage.
Snorg bites you!!
* * * LOW HITPOINT WARNING * * *
Snorg claws you!
You die...

##P..###........####### #.......
##..####.........#.#######.......
##..###...............###........
#...# #............##'###........
...## ##...........#...##.#......
.P### #...........+.8.#####...##
....## #........>..##...#.##.###.
.....# ##.......§T#......#.#..#..
.....# #.......F@.####...........
.....# #........§.#####....8....#
.....####.........###.##.......##
.....## ##F.......###..#.8...8...
...<..## ##.....#.###.#.........#
.....#.# ##.....P...#.#....8.....
......## #.##P#P.P.#.............
......## ##########.......##.#...
......## #........##....##..


You could see Snorg (berserk) and 2 blink frogs.

Vanquished Creatures
  4 hydras
  A two-headed ogre (D:10)
  The ghost of Heedrag the Cleaver, a novice MiFi of Okawaru (D:11)
  Pikel (D:6)
  A wizard (D:9)
  An ugly thing (D:12)
  3 cyclopes
  5 large abominations (D:9)
  A manticore (D:12)
  2 black mambas
  A gargoyle (D:12)
  5 cane toads
  5 kobold demonologists
  3 unseen horrors
  A rime drake (Lair:1)
  2 komodo dragons
  A troll (D:11)
  3 polar bears
  A hornet (D:10)
  Grinder (D:5)
  9 blink frogs (Lair:2)
  Sigmund (D:3)
  A shadow (D:12)
  5 centaur simulacra
  A vampire (D:11)
  2 wraiths
  4 wyverns
  28 yaks
  Eustachio (D:6)
  2 basilisks
  3 steam dragons
  2 vampire mosquitoes (D:12)
  6 small abominations (D:9)
  10 water moccasins
  A sky beast (D:7)
  3 black bears
  4 orc warriors
  A meliai simulacrum (D:11)
  4 ice beasts
  5 wolves
  5 centaurs
  2 ogres
  2 phantoms
  3 lemures
  5 kobold brigands
  12 bullfrogs
  4 scorpions
  11 wights
  5 killer bees (D:9)
  3 electric eels (D:11)
  A howler monkey (D:11)
  A jelly (D:6)
  19 orc priests
  A hound (D:4)
  2 gnoll shamans
  5 iguanas
  18 orc wizards
  17 adders
  11 gnolls
  A river rat (Sewer)
  2 white imps (D:11)
  2 ufetubi
  2 worms
  4 dart slugs
  41 orcs
  5 endoplasms
  4 giant cockroaches
  6 goblins
  3 hobgoblins
  4 jackals (D:4)
  25 kobolds
  4 quokkas
  11 ball pythons
  2 bats
  6 frilled lizards
  14 rats
399 creatures vanquished.

Vanquished Creatures (others)
  43 fungi
  43 plants
86 creatures vanquished.

Grand Total: 485 creatures vanquished

Notes
Turn   | Place    | Note
-------+----------+-------------------------------------------
     0 | D:1      | Essalna the Gargoyle Earth Elementalist began the quest for
                  | the Orb.
     0 | D:1      | Reached XP level 1. HP: 10/10 MP: 3/3
   387 | D:1      | Reached XP level 2. HP: 11/15 MP: 0/5
   474 | D:1      | Reached skill level 4 in Earth Magic
   945 | D:1      | Reached XP level 3. HP: 19/19 MP: 6/6
   948 | D:1      | Learned a level 2 spell: Passwall
   952 | D:1      | Learned a level 3 spell: Stone Arrow
  1049 | D:1      | You fall into a shaft and drop 1 floor!
  1320 | D:1      | Found a faded altar of an unknown god.
  2247 | D:3      | Reached skill level 1 in Conjurations
  2253 | D:3      | Reached skill level 1 in Fighting
  2253 | D:3      | Reached XP level 4. HP: 25/25 MP: 0/8
  2272 | D:3      | Found a glowing drain.
  2286 | Sewer    | Entered a sewer
  2503 | Sewer    | Reached XP level 5. HP: 9/29 MP: 5/9
  2878 | Sewer    | Reached skill level 5 in Earth Magic
  3187 | D:3      | Found a bloodstained altar of Trog.
  3188 | D:3      | Found a glowing silver altar of Zin.
  3188 | D:3      | Found a burning altar of Makhleb.
  3189 | D:3      | Found a sparkling altar of Nemelex Xobeh.
  3203 | D:3      | Noticed Sigmund
  3450 | D:3      | Killed Sigmund
  3451 | D:3      | Reached XP level 6. HP: 36/36 MP: 4/11
  3584 | D:3      | Identified the +3 mace of the Swamp {venom, rC+ rN+++ Will-
                  | rCorr}
  3983 | D:4      | Reached XP level 7. HP: 41/41 MP: 2/12
  4259 | D:4      | Reached skill level 6 in Earth Magic
  5200 | D:5      | Entered Level 5 of the Dungeon
  5544 | D:5      | Found a staircase to the Ecumenical Temple.
  5575 | Temple   | Entered the Ecumenical Temple
  5762 | Temple   | Became a worshipper of Ashenzari the Shackled
  5796 | D:5      | Reached XP level 8. HP: 33/48 MP: 10/14
  5979 | D:5      | Reached skill level 1 in Armour
  6295 | D:5      | Noticed Grinder
  6295 | D:5      | Paralysed by Grinder for 4 turns
  6302 | D:5      | Paralysed by Grinder for 5 turns
  6308 | D:5      | Paralysed by Grinder for 4 turns
  6332 | D:5      | Paralysed by Grinder for 3 turns
  6337 | D:5      | Killed Grinder
  6338 | D:5      | Reached skill level 7 in Earth Magic
  6881 | D:6      | Noticed a wyvern
  6885 | D:6      | Killed a wyvern
  6886 | D:6      | Reached skill level 5 in Spellcasting
  6963 | D:6      | Identified the ring "Ryvimp" {rElec rC+ Int+4 Dex+2}
  7018 | D:6      | Reached skill level 5 in Fighting
  7088 | D:6      | Identified the +2 scale mail of the Old and Reckless
                  | {Int+2}
  7354 | D:6      | Noticed Eustachio
  7359 | D:6      | Killed Eustachio
  7360 | D:6      | Reached XP level 9. HP: 43/54 MP: 15/17
  7439 | D:6      | Noticed Pikel
  7458 | D:7      | Reached * piety under Ashenzari
  7743 | D:6      | Killed Pikel
  7744 | D:6      | Reached skill level 8 in Earth Magic
  8692 | D:7      | Reached ** piety under Ashenzari
  9685 | D:7      | Reached skill level 5 in Armour
 10236 | D:8      | Reached XP level 10. HP: 61/61 MP: 15/19
 10658 | D:8      | Reached skill level 9 in Earth Magic
 10658 | D:8      | Reached *** piety under Ashenzari
 11675 | D:9      | Noticed a kobold demonologist
 11675 | D:9      | Noticed a kobold demonologist
 11739 | D:9      | Killed a kobold demonologist
 11871 | D:10     | Entered Level 10 of the Dungeon
 11990 | D:10     | Reached **** piety under Ashenzari
 12115 | D:9      | Reached skill level 5 in Dodging
 12256 | D:9      | Noticed a four-headed hydra
 12261 | D:9      | Killed a four-headed hydra
 12540 | D:9      | Reached skill level 10 in Earth Magic
 12540 | D:9      | Reached XP level 11. HP: 55/68 MP: 6/22
 13026 | D:9      | Found Myunir's Book Shoppe.
 13104 | D:9      | Noticed a wizard
 13106 | D:9      | Killed a wizard
 13145 | D:9      | Noticed a large abomination
 13146 | D:9      | Noticed a large abomination
 13372 | D:9      | Killed a large abomination
 13702 | D:9      | Killed a large abomination
 14346 | D:9      | Identified the ring "Dibbosm" {rElec rPois rF- Str+6 SInv}
 14370 | D:9      | Upgraded the game from 0.29-a0-521-g59ce8b2d47 to
                  | 0.29-a0-541-gaf1fc19f1b
 14523 | D:10     | Noticed a two-headed ogre
 14528 | D:10     | Killed a two-headed ogre
 14925 | D:10     | Found a runed translucent gate.
 14925 | D:10     | Found a runed translucent gate.
 14926 | D:10     | Found a runed translucent gate.
 14935 | D:10     | Noticed Heedrag's ghost (novice MiFi)
 15340 | D:12     | Noticed a manticore
 15344 | D:12     | Killed a manticore
 15396 | D:12     | Noticed a cyclops
 15405 | D:12     | Killed a cyclops
 15635 | D:12     | Found a staircase to the Orcish Mines.
 15684 | D:11     | Reached skill level 11 in Earth Magic
 16136 | D:12     | Reached XP level 12. HP: 76/76 MP: 20/24
 18084 | D:11     | Killed Heedrag's ghost
 18150 | D:11     | Reached skill level 10 in Fighting
 18410 | D:11     | Found a staircase to the Lair.
 18997 | D:11     | Noticed a five-headed hydra
 19003 | D:11     | Killed a five-headed hydra
 19004 | D:11     | Reached skill level 12 in Earth Magic
 19497 | Lair:1   | Entered Level 1 of the Lair of Beasts
 20253 | Lair:1   | Noticed a five-headed hydra
 20257 | Lair:1   | Killed a five-headed hydra
 20258 | Lair:1   | Reached XP level 13. HP: 79/83 MP: 5/26
 20824 | Lair:2   | Reached skill level 10 in Armour
 22858 | Lair:3   | Reached skill level 10 in Spellcasting
 22930 | Lair:3   | Identified the Catalogue of the Dislocated Rocks
 22949 | Lair:3   | Reached skill level 13 in Earth Magic
 23116 | Lair:3   | Noticed Snorg
 23136 | Lair:2   | Slain by Snorg

Illustrated notes

Levels and vault maps discovered:
D:1:      dpeg_arrival_tiny_j, layout_basic,
          shapermc_ecumenical_altar_hornbeckon
D:2:      layout_loops_ring, minmay_misc_feat_room, minivault_25
D:3:      layout_rooms, chequers_temple_overflow_statue_of_worship,
          cheibrodos_sewer_entry_drain, st_stairs_2, uniq_sigmund
D:4:      cheibrodos_pilgrimage, layout_loops_corners
D:5:      layout_basic, temple_green, uniq_grinder
D:6:      layout_basic, serial_glass, glass_columns_b, glass_columns_c,
          kennysheep_small_spiral, kennysheep_minor_cross, uniq_eustachio,
          uniq_pikel
D:7:      layout_loops_corners, kennysheep_diamond
D:8:      layout_basic
D:9:      layout_basic, serial_shops, shop, st_stairs_10, laboratory
D:10:     layout_roguey, gammafunk_ghost_split
D:11:     layout_gridville, due_lair_maze_entry_diamond, serial_ice,
          serial_ice_e, serial_ice_c, serial_ice_j, serial_ice_f, serial_ice_h,
          serial_ice_a, serial_ice_m, serial_ice_n, nzn_life_drinkers
D:12:     layout_long_grid, david_orc_3, minmay_misc_feat_pillars
Temple:   hc_temple_tempest_star
Lair:1:   layout_loops_ring
Lair:2:   layout_cave_pods, grunt_megastairs_4
Lair:3:   layout_chaotic_city, worms_lemuel, uniq_snorg

Skill      XL: |  1  2  3  4  5  6  7  8  9 10 11 12 13 |
---------------+----------------------------------------+-----
Earth Magic    | 4 5 6 7 8 10 11 12 13 | 13.0
Conjurations   | 1 2 3 4 |  4.0
Fighting       | 1 2 3 4 5 6 8 9 10 11 | 11.2
Spellcasting   | 3 4 5 6 7 8 9 10 | 10.0
Armour         | 3 5 6 8 9 10 | 10.5
Dodging        | 3 4 5 6 7 8 |  8.2
Stealth        | |  2.1
Transmutations | |  0.7

Action                   |  1- 3 |  4- 6 |  7- 9 | 10-12 | 13-15 || total
-------------------------+-------+-------+-------+-------+-------++-------
Melee: Dagger            |    34 |    26 |       |       |       ||    60
       Mace              |       |    11 |   233 |   185 |    82 ||   511
       Punch             |       |       |     3 |     4 |     1 ||     8
 Cast: Sandblast         |    46 |    44 |    46 |    16 |       ||   152
       Stone Arrow       |       |     7 |    32 |   296 |   102 ||   437
Invok: Curse Item        |       |       |     4 |     3 |       ||     7
       Shatter the Chain |       |       |       |       |     1 ||     1
  Use: Potion            |       |     1 |       |     1 |       ||     2
       Scroll            |       |       |       |     4 |       ||     4
 Stab: Sleeping          |     1 |     2 |     3 |       |       ||     6
Armor: Robe              |     8 |    37 |    62 |       |       ||   107
       Scale mail        |       |       |    95 |   292 |   108 ||   495
Dodge: Dodged            |    18 |    45 |   203 |   315 |   118 ||   699

Table legend: (Time is in decaauts)
 A = Elapsed time spent in this place.
 B = Non-inter-level travel time spent in this place.
 C = Inter-level travel time spent in this place.
 D = Time resting spent in this place.
 E = Time spent auto-exploring this place.
 F = Levels seen in this place.
 G = Mean time per level.
                   A        B        C        D        E       F      G
               +--------+--------+--------+--------+--------+-----+--------+
         Total |  23408 |  22874 |    534 |    394 |  19271 |  17 | 1376.9 |
       Dungeon |  18749 |  18255 |    494 |    394 |  15246 |  12 | 1562.4 |
        Temple |    199 |    180 |     19 |      0 |    160 |   1 |  199.0 |
          Lair |   3675 |   3654 |     21 |      0 |   3224 |   3 | 1225.0 |
         Sewer |    783 |    783 |      0 |      0 |    640 |   1 |  783.0 |
               +--------+--------+--------+--------+--------+-----+--------+

Top non-repeatable levels by time:
     D:9: 2883 daAuts
    D:11: 2167 daAuts
    D:12: 2097 daAuts
  Lair:2: 2044 daAuts
     D:6: 1660 daAuts
     D:7: 1566 daAuts
     D:5: 1540 daAuts
     D:8: 1469 daAuts
     D:1: 1432 daAuts
     D:4: 1256 daAuts
  Lair:1: 1203 daAuts
     D:2: 1036 daAuts
    D:10: 858 daAuts
   Sewer: 783 daAuts
     D:3: 780 daAuts
